 Dungeon Crawl Stone Soup version 0.32-a0-42-ga30500b4d3 (webtiles) character file.

Game seed: 3383574534418196936

333 Ambrosia the Shield-Bearer (level 6, -1/48 HPs)
             Began as a Demonspawn Fighter on Feb 2, 2024.
             Slain by an adder (2 damage)
             ... on level 5 of the Dungeon.
             The game lasted 00:05:19 (3838 turns).

Ambrosia the Shield-Bearer (Demonspawn Fighter)     Turns: 3838, Time: 00:05:20

Health: -1/48      AC:  9    Str: 18    XL:     6   Next: 27%
Magic:  6/6        EV:  7    Int:  8    God:
Gold:   276        SH:  9    Dex: 15    Spells: 5/5 levels left

rFire   . . .        a - +2 trident
rCold   . . .        c - +0 buckler
rNeg    . . .        k - +0 chain mail
rPois   .            d - +0 hat
rElec   .            (no cloak)
rCorr   .            (no gloves)
SInv    .            (no boots)
Will    .....        (no amulet) Stlth
                     f - ring of flight {+Fly}
HPRegen 0.28/turn    (no ring)
MPRegen 0.10/turn

%: no passive effects
@: mighty, about to teleport, flying
A: antennae 1, thin skeletal structure 1, condensation shield
a: no special abilities


You were on level 5 of the Dungeon.
You visited 1 branch of the dungeon, and saw 5 of its levels.

You collected 276 gold pieces.

Inventory:

Hand Weapons
 a - a +2 trident (weapon)
Armour
 c - a +0 buckler (worn)
 d - a +0 hat (worn)
   (You found it on level 4 of the Dungeon)
 k - a +0 chain mail (worn)
   (You took it off an orc on level 3 of the Dungeon)
Jewellery
 f - a ring of flight (left hand) {+Fly}
   (You found it on level 2 of the Dungeon)
Scrolls
 b - a scroll of enchant weapon
 m - a scroll of identify {@r1}
 p - a scroll of revelation
Potions
 e - a potion of mutation {!q}
 g - 3 potions of heal wounds {unknown}
 h - a potion of attraction {!q}
 i - a potion of haste {unknown}
 j - a potion of magic {unknown}
 l - a potion of enlightenment {unknown}


   Skills:
 + Level 4.1 Fighting
 + Level 3.1 Polearms
 + Level 3.7 Armour
 * Level 4.5 Shields


You had 5 spell levels left.
You didn't know any spells.
Your spell library contained the following spells:

 Spells                   Type           Power      Damage    Failure   Level
 Apportation              Tloc           0%         N/A       99%         1
 Necrotise                Necr           0%         1d4       99%         1
 Sting                    Conj/Alch      0%         1d3       99%         1
 Summon Small Mammal      Summ           0%         N/A       99%         1


Dungeon Overview and Level Annotations

Branches:
Dungeon (5/15) Zot: 26106
 Temple: D:4-7

Altars:
Ashenzari

Shops:
D:5 *


Innate Abilities, Weirdness & Mutations

You have a pair of small antennae on your head.
You have a somewhat thin skeletal structure. (Dex +2, Stealth+)
A meltable shield of frost defends you. (SH +4)


Message History

The centaur shouts!
The centaur shoots an arrow.
You block the arrow.
The centaur shoots an arrow.
The arrow barely misses you.
There are monsters nearby!
Unknown command.
You hit the adder. You block the adder's attack.
The centaur shoots an arrow.
The arrow hits you! The adder closely misses you.
You take 8 damage, and have 40/48 hp.
You barely miss the adder. The adder bites you but does no damage.
The centaur shoots an arrow.
The arrow closely misses you.
You closely miss the adder. You block the adder's attack.
The centaur shoots an arrow.
The arrow hits you. You block the adder's attack.
You take 5 damage, and have 35/48 hp.
You are too injured to fight recklessly!
You are too injured to fight recklessly!
The centaur shoots an arrow.
The arrow hits you. The adder attacks as it pursues you!
The adder bites you but does no damage.
The centaur shoots an arrow.
The arrow closely misses you.
You take 3 damage, and have 32/48 hp.
You are too injured to fight recklessly!
Reach: a) +2 trident
Press: ? - help, Dir - move target, f - adder
Aim: an adder (lightly wounded, about 54% to evade your +2 trident)
You hit the adder but do no damage.
The centaur shoots an arrow.
The arrow barely misses you. The adder bites you but does no damage.
The centaur shoots an arrow.
The arrow hits you. The adder bites you but does no damage.
You take 5 damage, and have 27/48 hp.
You block the adder's attack.
Reach: a) +2 trident
Press: ? - help, Dir - move target, f/p - adder
Aim: an adder (lightly wounded, about 54% to evade your +2 trident)
You barely miss the adder. You block the adder's attack.
The centaur shoots an arrow.
The arrow hits you. You block the adder's attack.
You take 4 damage, and have 23/48 hp.
Reach: a) +2 trident
Press: ? - help, Dir - move target, f/p - adder
Aim: an adder (lightly wounded, about 54% to evade your +2 trident)
You barely miss the adder.
The centaur shoots an arrow.
The arrow hits you. The adder bites you but does no damage.
The centaur shoots an arrow.
You block the arrow.
You take 1 damage, and have 22/48 hp.
You feel very mighty all of a sudden. The adder bites you but does no damage.
The centaur shoots an arrow.
The arrow hits you!
* * * LOW HITPOINT WARNING * * *
The adder bites you but does no damage.
You take 13 damage, and have 9/48 hp.
MASSIVE DAMAGE!!
Reach: a) +2 trident
Press: ? - help, Dir - move target, f - centaur, p - adder
Aim: a centaur, wielding a +0 orcbow (about 27% to evade your +2 trident)
You barely miss the centaur.
The centaur hits you but does no damage.
The centaur kicks you but does no damage.
The adder completely misses you. You block the centaur's attack.
The centaur kicks you but does no damage.
The adder bites you but does no damage.
Reach: a) +2 trident
Press: ? - help, Dir - move target, f/p - centaur
Aim: a centaur, wielding a +0 orcbow (about 27% to evade your +2 trident)
You puncture the centaur!
The centaur hits you but does no damage.
You block the centaur's attack. The adder completely misses you.
The centaur hits you with a +0 orcbow.
* * * LOW HITPOINT WARNING * * *
The centaur kicks you but does no damage.
You take 2 damage, and have 7/48 hp.
Reach: a) +2 trident
Press: ? - help, Dir - move target, f/p - centaur
Aim: a centaur, wielding a +0 orcbow (moderately wounded, about 27% to evade your +2 trident)
You barely miss the centaur. The adder bites you but does no damage.
The centaur hits you with a +0 orcbow.
* * * LOW HITPOINT WARNING * * *
The centaur barely misses you.
You take 3 damage, and have 4/48 hp.
As you read the scroll labelled WON VISIATOAQ, it crumbles to dust.
You feel strangely unstable.
It was a scroll of teleportation.
The centaur hits you with a +0 orcbow.
* * * LOW HITPOINT WARNING * * *
The centaur kicks you but does no damage.
The adder bites you.
You die...

...............## ..#
##............## #..##
#.............####....##
###............##..##..#
. #.....................
..
.................#...##.#
..........##.....##.....#
.........##......#....#
.........#..c@S......#
....##......##.....## ..#
#............##
.......c.#....#
.###....##..### .....
#... #.#... ..... ###..
.#.### .. # ##


You could see a centaur and an adder.

Vanquished Creatures
  A bombardier beetle (D:3)
  An orc priest (D:3)
  2 sleepcaps (D:4)
  2 iguanas (D:4)
  4 gnolls (D:4)
  3 adders (D:2 D:4)
  A ribbon worm (D:2)
  4 dart slugs (D:1 D:2)
  5 orcs (D:3)
  7 bats (D:1 D:2)
  7 endoplasms (D:1 D:2 D:3 D:4)
  5 giant cockroaches (D:1 D:2 D:4)
  8 goblins (D:1 D:2 D:3 D:4)
  6 hobgoblins (D:1 D:2 D:3 D:4)
  5 jackals (D:1)
  6 kobolds (D:1 D:2 D:4)
  5 quokkas (D:1 D:2 D:3)
  6 ball pythons (D:1 D:2)
  3 frilled lizards (D:2)
  7 rats (D:1 D:2 D:3)
88 creatures vanquished.

Notes
Turn   | Place    | Note
-------+----------+-------------------------------------------
     0 | D:1      | Ambrosia the Demonspawn Fighter began the quest for the
                  | Orb.
     0 | D:1      | Reached XP level 1. HP: 18/18 MP: 1/1
   199 | D:1      | Gained mutation: You have a somewhat thin skeletal
                  | structure. (Dex +2, Stealth+) [demonic ancestry]
   199 | D:1      | Reached XP level 2. HP: 24/24 MP: 2/2
   255 | D:1      | Reached skill level 2 in Polearms
   255 | D:1      | Reached skill level 3 in Shields
   561 | D:1      | Reached XP level 3. HP: 29/29 MP: 3/3
   811 | D:2      | Reached skill level 3 in Armour
  1026 | D:2      | Gained mutation: A meltable shield of frost defends you.
                  | (SH +4) [demonic ancestry]
  1026 | D:2      | Reached XP level 4. HP: 28/35 MP: 4/4
  1744 | D:3      | HP: 16/35 [burnt (6)]
  1890 | D:3      | HP: 18/36 [orc priest/+0 club (2)]
  1892 | D:3      | Gained mutation: You have a pair of small antennae on your
                  | head. [demonic ancestry]
  1892 | D:3      | Reached XP level 5. HP: 21/42 MP: 5/5
  2267 | D:3      | Reached skill level 4 in Shields
  3038 | D:4      | Found a broken altar of Ashenzari.
  3200 | D:4      | HP: 18/42 [sleepcap (16)]
  3205 | D:4      | Reached skill level 4 in Fighting
  3206 | D:4      | HP: 13/42 [iguana (6)]
  3208 | D:4      | Reached skill level 3 in Polearms
  3208 | D:4      | Reached XP level 6. HP: 16/48 MP: 6/6
  3763 | D:5      | Entered Level 5 of the Dungeon
  3799 | D:5      | Found Tecwymon's General Store.
  3830 | D:5      | HP: 23/48 [centaur/arrow (5)]
  3833 | D:5      | HP: 9/48 [centaur/arrow (14)]
  3837 | D:5      | HP: 4/48 [centaur/+0 orcbow (4)]
  3838 | D:5      | HP: 1/48 [centaur/+0 orcbow (3)]
  3838 | D:5      | Slain by an adder

Illustrated notes

Levels and vault maps discovered:
D:1:      dpeg_arrival_court, layout_loops_ring, minmay_pentomino_p4
D:2:      layout_basic
D:3:      layout_loops_ring
D:4:      layout_basic, cheibrodos_ashenzari_chains, hellmonk_no_cap
D:5:      minmay_angry_zag, layout_cave_pools, minitemple, serial_shops, shop,
          minmay_misc_feat_tower, palyth_stone_intersect, uniq_pikel

Skill      XL: |  1  2  3  4  5 |
---------------+----------------+-----
Polearms       | 2 3 |  3.1
Shields        | 3 4 |  4.5
Armour         | 3 |  3.7
Fighting       | 4 |  4.1

Action                     |  1- 3 |  4- 6 || total
---------------------------+-------+-------++-------
  Melee: Trident           |   118 |   139 ||   257
    Use: Scroll            |     2 |     8 ||    10
         Potion            |       |     2 ||     2
   Stab: Sleeping          |     1 |       ||     1
 Armour: Scale mail        |    72 |    24 ||    96
         Chain mail        |       |    51 ||    51
  Dodge: Dodged            |    38 |    29 ||    67
  Block: Buckler           |    20 |    48 ||    68

Table legend: (Time is in decaauts)
 A = Elapsed time spent in this place.
 B = Non-inter-level travel time spent in this place.
 C = Inter-level travel time spent in this place.
 D = Time resting spent in this place.
 E = Time spent auto-exploring this place.
 F = Levels seen in this place.
 G = Mean time per level.
                   A        B        C        D        E       F      G
               +--------+--------+--------+--------+--------+-----+--------+
         Total |   3892 |   3769 |    123 |    365 |   2842 |   5 |  778.4 |
       Dungeon |   3892 |   3769 |    123 |    365 |   2842 |   5 |  778.4 |
               +--------+--------+--------+--------+--------+-----+--------+

Top non-repeatable levels by time:
     D:4: 1220 daAuts
     D:3: 917 daAuts
     D:2: 899 daAuts
     D:1: 779 daAuts
     D:5: 76 daAuts

Levels and vault maps discovered:
D:1:      dpeg_arrival_court, layout_loops_ring, minmay_pentomino_p4
D:2:      layout_basic
D:3:      layout_loops_ring
D:4:      layout_basic, cheibrodos_ashenzari_chains, hellmonk_no_cap
D:5:      minmay_angry_zag, layout_cave_pools, minitemple, serial_shops, shop,
          minmay_misc_feat_tower, palyth_stone_intersect, uniq_pikel

Table legend: (Time is in decaauts)
 A = Elapsed time spent in this place.
 B = Non-inter-level travel time spent in this place.
 C = Inter-level travel time spent in this place.
 D = Time resting spent in this place.
 E = Time spent auto-exploring this place.
 F = Levels seen in this place.
 G = Mean time per level.
                   A        B        C        D        E       F      G
               +--------+--------+--------+--------+--------+-----+--------+
         Total |   3892 |   3769 |    123 |    365 |   2842 |   5 |  778.4 |
       Dungeon |   3892 |   3769 |    123 |    365 |   2842 |   5 |  778.4 |
               +--------+--------+--------+--------+--------+-----+--------+

Top non-repeatable levels by time:
     D:4: 1220 daAuts
     D:3: 917 daAuts
     D:2: 899 daAuts
     D:1: 779 daAuts
     D:5: 76 daAuts

Table legend:
 A = Kills in this place as a percentage of kills in the entire game.
 B = Kills by you in this place as a percentage of kills by you in the entire game.
 C = Kills by friends in this place as a percentage of kills by friends in the entire game.
 D = Other kills in this place as a percentage of other kills in the entire game.
 E = Experience gained in this place as a percentage of experience gained in the entire game.
 F = Experience gained in this place divided by the number of levels of this place that you have seen.
                   A       B       C       D       E      F
               +-------+-------+-------+-------+-------+----------------------
         Total | 100.0 | 100.0 |   N/A |   N/A | 100.0 |  95.2
       Dungeon | 100.0 | 100.0 |   N/A |   N/A | 100.0 |  95.2
               +-------+-------+-------+-------+-------+----------------------
